AoeStats
← AJJ

Arabian Desert

510309304Analyzed
1v1 RM · 2d ago on Sep 30, 2026· 34m 55s· 2 players
Game mode
Random Map
Map size
Tiny (2 player)
Population
200
Speed
Normal
Resources
Standard
Victory
Conquest
Starting age
Dark Age
Ending age
Imperial Age
RankedLock teamsTeams togetherTeam positionsShared explorationLock speedFull tech treeHidden civsTurbo modeCheats
Victory
Defeat
🇴🇲 Britons · Oman
1425
+15
🇮🇳 Magyars · India
1414
-15
grilledc803
6:05 Loom
8:54 Feudal Age
9:44 Double-Bit Axe
20:19 Castle Age
21:17 Fletching
22:40 Bodkin Arrow
23:52 Padded Archer Armor
29:42 Wheelbarrow
28:53 Town Watch
AJJ
6:20 Loom
8:53 Feudal Age
9:47 Double-Bit Axe
10:22 Horse Collar
14:26 Fletching
23:03 Castle Age
21:37 Padded Archer Armor
23:16 Crossbowman
23:52 Bodkin Arrow
24:47 Leather Archer Armor
28:33 Ballistics
30:50 Bow Saw
37:25 Imperial Age
Connection lost

Rejoining the realm…

Still unreachable

The connection could not be restored.

Session expired

The server has moved on; the page needs a fresh start.